cohdb
Replays
Latest Replays
All Replays
Popular Replays
Top Player Replays
Match Explorer
How It Works
Community
CoH3 Stats
Reddit
Sign in to upload your games and track your stats! →
Sign in with Steam
Match 40927054
Unlisted
Match 40927054
Overview
Messages
Build Orders
End
Construct Infanterie Kompanie
Selects Terror Battlegroup
Selects Machine Gun Camouflage
MG 42 Machine Gun Team
MG 42 Machine Gun Team
Construct Luftwaffe Kompanie
Selects Contempt for the Weak
Forward Retreat Point
Jäger Squad
Medical Bunker
Luftwaffe Officer Quarters
Jäger Squad
Jäger Squad
Selects No Quarter
Jäger Squad
Jäger Squad
Support Elements
Pioneer Squad
Construct Panzergrenadier Kompanie
Panzergrenadier Officer Quarters
StuG III G Assault Gun
StuG III G Assault Gun
Side Skirts
Jäger Squad
StuG III G Assault Gun
Selects King Tiger Heavy Tank
blaker
Axxploit
Fintell
Bran
DrewP
Dillbro
0
0
Comments
sign in to comment!
No comments posted yet!